 Dungeon Crawl Stone Soup version 0.23-a0-808-gd21de94 (webtiles) character file.

9 MalarOregon the Chiller (level 2, 0/20 HPs)
             Began as a Merfolk Ice Elementalist on Jan 20, 2019.
             Slain by a kobold (3 damage)
             ... on level 1 of the Dungeon.
             The game lasted 00:00:35 (158 turns).

MalarOregon the Chiller (Merfolk Ice Elementalist)   Turns: 158, Time: 00:00:36

Health: 0/20       AC:  2    Str:  8    XL:     2   Next: 16%
Magic:  1/5        EV: 13    Int: 14    God:
Gold:   11         SH:  0    Dex: 14    Spells: 4/5 levels left

rFire    . . .     SeeInvis .   c - +0 club
rCold    . . .     Gourm    .   (no shield)
rNeg     . . .     Faith    .   a - +0 robe
rPois    .         Spirit   .   (no helmet)
rElec    .         Reflect  .   (no cloak)
rCorr    .         Harm     .   (no gloves)
MR       .....                  (no boots)
Stlth    ++........             (no amulet)
HPRegen  0.06/turn              (no ring)
MPRegen  0.09/turn              (no ring)

@: very slightly contaminated
A: change form in water, swift swim, stealthy swim
a: no special abilities


You were on level 1 of the Dungeon.
You were not hungry.

You visited 1 branch of the dungeon, and saw 1 of its levels.

You collected 11 gold pieces.

Inventory:

Hand Weapons
 c - a +0 club (weapon)
   (You took it off a hobgoblin on level 1 of the Dungeon)
Armour
 a - a +0 robe (worn)
Scrolls
 d - a scroll of identify {unknown}
 f - 2 scrolls of remove curse {unknown}
Comestibles
 b - 7 chunks of flesh
 e - a ration {!d}


   Skills:
 + Level 0.5 Fighting
 + Level 0.3 Armour
 + Level 2.9 Dodging
 - Level 2.1 Stealth
 + Level 2.1 Spellcasting
   Level 0.7 Conjurations
 + Level 3.4 Ice Magic


You had 4 spell levels left.
You knew the following spells:

 Your Spells              Type           Power        Failure   Level  Hunger
a - Freeze                Ice            ##..         6%          1    #......

Your spell library contained the following spells:

 Spells                   Type           Power        Failure   Level  Hunger
 Throw Frost              Conj/Ice       #.....       16%         2    ###....
 Ozocubu's Armour         Chrm/Ice       #.......     34%         3    ###....
 Throw Icicle             Conj/Ice       #.......     69%         4    #####..
 Summon Ice Beast         Ice/Summ       #.......     75%         4    #####..


Dungeon Overview and Level Annotations

Branches:
Dungeon (1/15)

Altars:


Message History

The giant cockroach bites you but does no damage.
You hit the giant cockroach.
The giant cockroach bites you but does no damage.
The giant cockroach misses you.
You barely miss the giant cockroach.
The giant cockroach bites you but does no damage.
The giant cockroach misses you.
You closely miss the giant cockroach.
The giant cockroach bites you but does no damage.
You hit the giant cockroach.
You kill the giant cockroach!
No target in view!
Found 12 arrows.
You see here a giant cockroach corpse.
You butcher the giant cockroach corpse.
b - 7 chunks of flesh (gained 2)
f - 2 scrolls labeled JAERRAFENK (gained 1)
Found a dagger.
An ooze comes into view.
An ooze is nearby!
An ooze is nearby!
The ooze quivers.
Found a ration.
A frilled lizard comes into view.
You hit the ooze. The ooze hits you. The ooze completely misses you.
Aim: an ooze (moderately wounded)
You miscast Freeze.
You are very lightly contaminated with residual magic.
Nothing appears to happen.
The ooze hits you.
You hit the ooze. The ooze hits you.
You hit the ooze. The ooze hits you.
* * * LOW HITPOINT WARNING * * *
Aim: an ooze (almost dead)
You freeze the ooze.
The frilled lizard hisses angrily.
A kobold comes into view.
The ooze barely misses you.
Aim: an ooze (almost dead)
You freeze the ooze.
You kill the ooze!
You have reached level 2!
You barely miss the frilled lizard. The frilled lizard bites you.
* * * LOW HITPOINT WARNING * * *
You barely miss the frilled lizard. The frilled lizard bites you.
* * * LOW HITPOINT WARNING * * *
You closely miss the frilled lizard. The frilled lizard barely misses you.
The frilled lizard bites you.
* * * LOW HITPOINT WARNING * * *
The kobold hits you.
You die...

###............#..#....
#########.............
..# ............... ..#
.######..#.#... ..#
#..#.#.## ..# ##....#.#
..# #..#....### ..#
#.###.#...# ..# #.#
#@#.#.## ..#
#.###.K.#..##... ..#
..#...l......... <.##
.##..........### ...##
#. #..........# .>..##
...............%.
.....##
.##..........###
#.....## . #).........#
##.....## #####.######


You could see a kobold and a frilled lizard.

Vanquished Creatures
  An ooze (D:1)
  A giant cockroach (D:1)
  A hobgoblin (D:1)
  A bat (D:1)
  2 rats (D:1)
6 creatures vanquished.

Notes
Turn   | Place    | Note
-------+----------+-------------------------------------------
     0 | D:1      | MalarOregon the Merfolk Ice Elementalist began the quest
                  | for the Orb.
     0 | D:1      | Reached XP level 1. HP: 13/13 MP: 3/3
   150 | D:1      | Reached XP level 2. HP: 10/20 MP: 0/5
   158 | D:1      | Slain by a kobold

Vault maps used:
D:1:      psy_arrival_spokes, corexii_hall_statues_i

Action                   || total
-------------------------++-------
Melee: Club              ||    14
       Unarmed           ||     1
 Cast: Freeze            ||     5
Armor: Robe              ||     7
Dodge: Dodged            ||     8

Table legend:
 A = Non-vault XP
 B = Vault XP
 C = Vault XP percentage of total XP
 D = Non-vault monster count
 E = Vault monster count
 F = Vault count percentage of total count
                 A         B        C        D         E       F
            +---------+---------+-------+---------+---------+-------
      Total |      14 |       0 |   0.0 |       6 |       0 |   0.0
            +---------+---------+-------+---------+---------+-------
        D:1 |      14 |       0 |   0.0 |       6 |       0 |   0.0
            +---------+---------+-------+---------+---------+-------
